Maple Leafs vs Lightning

Created - April 22, 2022 at 19:59

Goals
1 2 3 T
Maple Leafs 2 3 1 6
Lightning 0 1 1 2
Shots
1 2 3 T
Maple Leafs 10 10 10 30
Lightning 8 15 8 31

1st period

1. Maple Leafs , Evgeni Malkin 22 (Claude Giroux 32, Braydon Coburn 10) at 11:27
2. Maple Leafs , Michael Frolik 26 (Claude Giroux 33, Evgeni Malkin 39) at 16:33

Penalties :
Andre Burakovsky (TOR) for Tripping (Minor) at 11:51

2nd period

3. Maple Leafs , Ryan Parent 5 (Brayden Schenn 39, Andre Burakovsky 17) at 3:02
4. Maple Leafs , Bo Horvat 10 (Tim Schaller 10, Ryan Parent 9) at 4:43
5. Lightning , Shayne Gostisbehere 2 (Kyle Clifford 35, Jimmy Howard) at 9:25 (PP)
6. Maple Leafs , Ryan Parent 6 (Bo Horvat 18) at 13:20

Penalties :
Brandon Saad (TOR) for Roughing (Minor) at 8:51, Nick Bjugstad (T.B) for Holding (Minor) at 10:57, Mark Scheifele (T.B) for Hooking (Minor) at 13:23

3rd period

7. Lightning , Kyle Clifford 32 (Shayne Gostisbehere 20, Mark Scheifele 39) at 13:21 (PP)
8. Maple Leafs , Patrice Cormier 8 (Brandon Saad 8, Zach Werenski 25) at 14:38

Penalties :
Nikolaj Ehlers (T.B) for Hooking (Minor) at 2:03, Zach Werenski (TOR) for Roughing (Minor) at 13:06, Kyle Clifford (T.B) for Hooking (Minor) at 15:02, Tim Schaller (TOR) for Holding (Minor) at 17:18, Brandon Saad (TOR) for Holding Stick (Minor) at 19:59

Goalie Stats

John Gibson (TOR), 29 saves from 31 shots - (0.935), W, 19-16-2, 60:00 minutes
Alex Nedeljkovic (T.B), 9 saves from 13 shots - (0.692), L, 9-9-1, 24:43 minutes
Jimmy Howard (T.B), 15 saves from 17 shots - (0.882), 35:17 minutes

Players Stats for Maple Leafs

Player Name              G  A  P  +/- PIM S  H  SB GA TA FO     MP     PP MP  PK MP  
------------------------------------------------------------------------------------
Andre Burakovsky         0  1  1   1  2   1  2  0  0  0  0/0    15:26   3:28   0:00 
Beau Bennett             0  0  0   2  0   1  3  0  0  0  0/0    11:55   0:06   0:00 
Bo Horvat                1  1  2   2  0   1  1  0  1  0  4/5     8:42   0:05   0:18 
Brandon Saad             0  1  1   1  4   0  0  0  0  0  0/0     8:33   0:06   1:10 
Brayden Schenn           0  1  1   1  0   2  1  0  0  0  8/24   18:42   3:28   2:53 
Braydon Coburn           0  1  1   4  0   0  1  0  1  1  0/0    16:52   0:00   2:59 
Claude Giroux            0  2  2   2  0   4  2  1  0  0  0/1    21:18   4:22   0:43 
Evgeni Malkin            1  1  2   2  0   6  0  0  0  0  6/23   22:22   4:22   1:25 
Gabriel Landeskog        0  0  0   1  0   2  2  0  1  0  1/4    20:24   3:28   2:54 
Hampus Lindholm          0  0  0   0  0   1  3  2  1  0  0/0    21:54   4:55   1:48 
John Klingberg           0  0  0   2  0   0  2  2  0  1  0/0    25:22   3:01   1:48 
Jon Merrill              0  0  0   0  0   2  0  2  0  1  0/0    20:16   3:01   2:59 
Michael Frolik           1  0  1   2  0   3  3  0  0  0  0/2    21:51   4:22   0:00 
Patrice Cormier          1  0  1   1  0   1  0  0  0  0  2/3     7:16   0:01   0:11 
Pontus Aberg             0  0  0   1  0   1  1  0  0  0  0/0     6:54   0:00   0:00 
Ryan Parent              2  1  3   4  0   2  0  2  0  0  0/0    12:36   0:00   0:00 
Tim Schaller             0  1  1   2  2   0  0  0  2  0  0/0    11:46   0:00   0:00 
Zach Werenski            0  1  1   2  2   3  0  0  1  1  0/0    22:59   4:55   0:00 

Players Stats for Lightning

Player Name              G  A  P  +/- PIM S  H  SB GA TA FO     MP     PP MP  PK MP  
------------------------------------------------------------------------------------
Brandon Sutter           0  0  0  -1  0   0  1  0  0  0  0/3    14:19   0:00   3:00 
Brayden Point            0  0  0  -2  0   2  2  1  0  1  9/14   15:04   1:52   0:14 
Brent Seabrook           0  0  0  -1  0   0  1  0  1  1  0/0    19:34   0:00   4:33 
Cody Goloubef            0  0  0  -2  0   2  0  0  0  0  0/0    11:29   0:00   0:00 
Conor Sheary             0  0  0  -1  0   1  2  0  0  0  3/3    14:04   0:01   2:24 
Erik Christensen         0  0  0  -1  0   0  0  0  0  0  2/3     6:24   0:00   0:00 
Jesper Fast              0  0  0  -1  0   1  1  0  1  0  0/0     6:44   0:01   0:00 
Jimmy Vesey              0  0  0  -2  0   5  2  0  0  2  1/1    17:05   1:52   2:15 
Justin Schultz           0  0  0  -1  0   1  1  0  0  0  0/0    19:10   1:43   3:23 
Kevin Shattenkirk        0  0  0  -3  0   2  0  4  0  0  0/0    29:21   3:04   4:33 
Kyle Clifford            1  1  2  -2  2   5  3  0  1  1  1/1    22:06   2:54   3:09 
Mark Scheifele           0  1  1  -2  2   2  3  0  0  0  23/35  22:32   2:54   3:22 
Nick Bjugstad            0  0  0  -2  2   4  2  0  0  1  0/0    14:49   1:52   0:00 
Nikolaj Ehlers           0  0  0  -2  2   1  2  1  1  1  1/1    19:07   2:54   0:00 
Ondrej Palat             0  0  0  -1  0   1  0  0  0  0  0/0     7:18   0:01   0:17 
Sergei Shirokov          0  0  0  -1  0   1  3  0  0  0  1/1    12:28   0:00   1:11 
Shayne Gostisbehere      1  1  2  -3  0   2  2  1  0  0  0/0    27:14   3:04   3:23 
Wiley Sherman            0  0  0  -2  0   1  1  1  0  0  0/0    13:12   1:43   0:00 

3 Stars

1 - Ryan Parent (TOR)
2 - Bo Horvat (TOR)
3 - Evgeni Malkin (TOR)

Power Play

Maple Leafs - 0 on 4 Attempt(s) - 0.00%
Lightning - 2 on 5 Attempt(s) - 40.00%

Penalty Kill

Maple Leafs - 3 on 5 Attempt(s) - 60.00% - Score 0 goal in Penalty Kill
Lightning - 4 on 4 Attempt(s) - 100.00% - Score 0 goal in Penalty Kill

Team Stat

Maple Leafs - Hits : 21 - Faceoff Wins : 21 - Blocked Shots : 9 - Penalty Minutes : 10
Lightning - Hits : 26 - Faceoff Wins : 41 - Blocked Shots : 8 - Penalty Minutes : 8

Official

Referees : Brad Meier and Jean Hebert
Linesman : Julien Fournier and David Brisebois

Game Notes

Jimmy Howard enters game at 4:43 of 2nd period
Bo Horvat is injured at 1:01 of 3rd period (Back Spasms)

Finance

Level 1 -- Attendance: 6000 (100.00%) -- Ticket Income $600,000
Level 2 -- Attendance: 4538 (90.76%) -- Ticket Income $272,280
Level 3 -- Attendance: 2000 (100.00%) -- Ticket Income $70,000
Level 4 -- Attendance: 3907 (97.68%) -- Ticket Income $97,675
Luxury Box -- Attendance: 910 (91.00%) -- Ticket Income $182,000
Game was played at the Amalie Arena.
Total Attendance: 17355 (96.42%)
Total Ticket Income: $1,221,955
Other Income: $183,293
Total Income: $1,405,248

Maple Leafs

5 vs 5 Forward 
   Center                   Left Wing                Right Wing               Time % Phy DF OF 
 1 Evgeni Malkin            Claude Giroux            Michael Frolik           40     1   2  2  
 2 Brayden Schenn           Gabriel Landeskog        Andre Burakovsky         30     1   2  2  
 3 Bo Horvat                Tim Schaller             Beau Bennett             20     1   2  2  
 4 Patrice Cormier          Brandon Saad             Pontus Aberg             10     1   2  2  

5 vs 5 Defense 
   Defense                  Defense                                           Time % Phy DF OF 
 1 John Klingberg           Zach Werenski                                     40     1   2  2  
 2 Hampus Lindholm          Jon Merrill                                       30     1   2  2  
 3 Ryan Parent              Braydon Coburn                                    20     1   2  2  
 4 Hampus Lindholm          John Klingberg                                    10     1   2  2  

PowerPlay Forward 
   Center                   Left Wing                Right Wing               Time % Phy DF OF 
 1 Evgeni Malkin            Claude Giroux            Michael Frolik           60     1   2  2  
 2 Brayden Schenn           Gabriel Landeskog        Andre Burakovsky         40     1   2  2  

PowerPlay Defense
   Defense                  Defense                                           Time % Phy DF OF 
 1 Hampus Lindholm          Zach Werenski                                     60     1   2  2  
 2 Jon Merrill              John Klingberg                                    40     1   2  2  

Penalty Kill 4 Players Forward 
   Center                   Wing                     Time % Phy DF OF 
 1 Brayden Schenn           Gabriel Landeskog        60     1   2  2  
 2 Evgeni Malkin            Claude Giroux            40     1   2  2  

Penalty Kill 4 Players Defense
   Defense                  Defense                  Time % Phy DF OF 
 1 Jon Merrill              Braydon Coburn           60     1   2  2  
 2 Hampus Lindholm          John Klingberg           40     1   2  2  

Penalty Kill - 3 Players Forward 
   Forward                                           Time % Phy DF OF 
 1 Patrice Cormier                                   60     1   2  2  
 2 Brayden Schenn                                    40     1   2  2  

Penalty Kill - 3 Players Defense
   Defense                  Defense                  Time % Phy DF OF 
 1 Braydon Coburn           Jon Merrill              60     1   2  2  
 2 Hampus Lindholm          John Klingberg           40     1   2  2  

4 vs 4 Forward 
   Center                   Wing                     Time % Phy DF OF 
 1 Brayden Schenn           Claude Giroux            60     1   2  2  
 2 Evgeni Malkin            Gabriel Landeskog        40     1   2  2  

4 vs 4 Defense
   Defense                  Defense                  Time % Phy DF OF 
 1 Hampus Lindholm          John Klingberg           60     1   2  2  
 2 Jon Merrill              Braydon Coburn           40     1   2  2  

Last Minutes Offensive
   Center                   Left Wing                Right Wing               Defense                  Defense                  
   Evgeni Malkin            Claude Giroux            Michael Frolik           Hampus Lindholm          John Klingberg           

Last Minutes Defensive
   Center                   Left Wing                Right Wing               Defense                  Defense                  
   Brayden Schenn           Claude Giroux            Michael Frolik           Braydon Coburn           Jon Merrill              

Goaltenders
Starting : John Gibson              
Backup : Martin Jones             

Extra Forwards
Normal : Gabriel Landeskog, Michael Frolik, Bo Horvat - PP : Gabriel Landeskog, Michael Frolik - PK : Gabriel Landeskog
Extra Defensemen
Normal : Braydon Coburn, Ryan Parent, Zach Werenski - PP : Braydon Coburn - PK : Braydon Coburn, Ryan Parent
Penalty Shots
Claude Giroux, Evgeni Malkin, Andre Burakovsky, Michael Frolik, Brayden Schenn

Scratches
None

Lightning

5 vs 5 Forward 
   Center                   Left Wing                Right Wing               Time % Phy DF OF 
 1 Mark Scheifele           Kyle Clifford            Nikolaj Ehlers           40     1   1  3  
 2 Brayden Point            Jimmy Vesey              Nick Bjugstad            30     0   1  4  
 3 Brandon Sutter           Sergei Shirokov          Conor Sheary             20     1   2  2  
 4 Erik Christensen         Ondrej Palat             Jesper Fast              10     1   2  2  

5 vs 5 Defense 
   Defense                  Defense                                           Time % Phy DF OF 
 1 Kevin Shattenkirk        Shayne Gostisbehere                               40     1   2  2  
 2 Justin Schultz           Brent Seabrook                                    30     1   2  2  
 3 Cody Goloubef            Wiley Sherman                                     20     1   2  2  
 4 Kevin Shattenkirk        Shayne Gostisbehere                               10     1   2  2  

PowerPlay Forward 
   Center                   Left Wing                Right Wing               Time % Phy DF OF 
 1 Mark Scheifele           Kyle Clifford            Nikolaj Ehlers           60     1   0  4  
 2 Brayden Point            Jimmy Vesey              Nick Bjugstad            40     1   0  4  

PowerPlay Defense
   Defense                  Defense                                           Time % Phy DF OF 
 1 Kevin Shattenkirk        Shayne Gostisbehere                               60     1   2  2  
 2 Justin Schultz           Wiley Sherman                                     40     1   2  2  

Penalty Kill 4 Players Forward 
   Center                   Wing                     Time % Phy DF OF 
 1 Mark Scheifele           Kyle Clifford            60     1   2  2  
 2 Brandon Sutter           Sergei Shirokov          40     1   2  2  

Penalty Kill 4 Players Defense
   Defense                  Defense                  Time % Phy DF OF 
 1 Kevin Shattenkirk        Brent Seabrook           60     1   2  2  
 2 Justin Schultz           Shayne Gostisbehere      40     1   2  2  

Penalty Kill - 3 Players Forward 
   Forward                                           Time % Phy DF OF 
 1 Mark Scheifele                                    60     1   2  2  
 2 Brandon Sutter                                    40     1   2  2  

Penalty Kill - 3 Players Defense
   Defense                  Defense                  Time % Phy DF OF 
 1 Kevin Shattenkirk        Brent Seabrook           60     1   2  2  
 2 Justin Schultz           Shayne Gostisbehere      40     1   2  2  

4 vs 4 Forward 
   Center                   Wing                     Time % Phy DF OF 
 1 Mark Scheifele           Kyle Clifford            60     1   2  2  
 2 Brayden Point            Nick Bjugstad            40     1   2  2  

4 vs 4 Defense
   Defense                  Defense                  Time % Phy DF OF 
 1 Kevin Shattenkirk        Shayne Gostisbehere      60     1   2  2  
 2 Justin Schultz           Brent Seabrook           40     1   2  2  

Last Minutes Offensive
   Center                   Left Wing                Right Wing               Defense                  Defense                  
   Mark Scheifele           Kyle Clifford            Nick Bjugstad            Kevin Shattenkirk        Shayne Gostisbehere      

Last Minutes Defensive
   Center                   Left Wing                Right Wing               Defense                  Defense                  
   Mark Scheifele           Kyle Clifford            Nick Bjugstad            Kevin Shattenkirk        Brent Seabrook           

Goaltenders
Starting : Alex Nedeljkovic         
Backup : Jimmy Howard             

Extra Forwards
Normal : Brayden Point, Conor Sheary, Jimmy Vesey - PP : Conor Sheary, Nikolaj Ehlers - PK : Conor Sheary
Extra Defensemen
Normal : Cody Goloubef, Wiley Sherman, Justin Schultz - PP : Cody Goloubef - PK : Wiley Sherman, Justin Schultz
Penalty Shots
Kyle Clifford, Mark Scheifele, Brayden Point, Nick Bjugstad, Nikolaj Ehlers

Scratches
Alex Killorn (Healthy), Derek Meech (Healthy), James Neal (Healthy), Joni Pitkanen (Abdomen/Ribs Injury), Peter Prucha (Healthy)
Roman Josi (Healthy)

% Time on Ice - Maple Leafs

Lines # - Real PCT - Wanted PCT - Time Play
Normal Forward
1 - 36% - 40% - 17:00
2 - 25% - 30% - 11:58
3 - 24% - 20% - 11:25
4 - 15% - 10% - 6:54
Normal Defense
1 - 39% - 40% - 18:40
2 - 29% - 30% - 13:41
3 - 27% - 20% - 12:36
4 - 5% - 10% - 2:20
PP Forward
1 - 56% - 60% - 4:28
2 - 44% - 40% - 3:28
PP Defense
1 - 62% - 60% - 4:55
2 - 38% - 40% - 3:01
PK Forward
1 - 85% - 60% - 4:04
2 - 15% - 40% - 0:43
PK Defense
1 - 62% - 60% - 2:59
2 - 38% - 40% - 1:48
PK3 Forward
1 - 0% - 60%
2 - 0% - 40%
PK3 Defense
1 - 0% - 60%
2 - 0% - 40%
44 Forward
1 - 0% - 60%
2 - 0% - 40%
44 Defense
1 - 0% - 60%
2 - 0% - 40%
Last Minute Offensive  - 0:00
Last Minute Defensive  - 0:00
Total
Forward - 60:00
Defense - 60:00

% Time on Ice - Lightning

Lines # - Real PCT - Wanted PCT - Time Play
Normal Forward
1 - 35% - 40% - 16:38
2 - 28% - 30% - 13:10
3 - 23% - 20% - 11:05
4 - 14% - 10% - 6:24
Normal Defense
1 - 40% - 40% - 19:07
2 - 30% - 30% - 14:04
3 - 24% - 20% - 11:29
4 - 6% - 10% - 2:37
PP Forward
1 - 61% - 60% - 2:55
2 - 39% - 40% - 1:52
PP Defense
1 - 64% - 60% - 3:04
2 - 36% - 40% - 1:43
PK Forward
1 - 85% - 60% - 6:45
2 - 15% - 40% - 1:11
PK Defense
1 - 57% - 60% - 4:33
2 - 43% - 40% - 3:23
PK3 Forward
1 - 0% - 60%
2 - 0% - 40%
PK3 Defense
1 - 0% - 60%
2 - 0% - 40%
44 Forward
1 - 0% - 60%
2 - 0% - 40%
44 Defense
1 - 0% - 60%
2 - 0% - 40%
Last Minute Offensive  - 0:00
Last Minute Defensive  - 0:00
Total
Forward - 60:00
Defense - 60:00

Play-by-Play

1st period


0:01 of 1st period - Mark Scheifele wins face-off versus Evgeni Malkin in neutral zone.
0:08 of 1st period - Kyle Clifford is hit by Michael Frolik.
0:11 of 1st period - Off-side.
0:12 of 1st period - Brayden Point wins face-off versus Brayden Schenn in neutral zone.
0:22 of 1st period - Icing by Nick Bjugstad.
0:23 of 1st period - Bo Horvat wins face-off versus Brayden Point in Lightning zone.
1:39 of 1st period - Snap shot by Brayden Point.
1:39 of 1st period - Shot Blocked by Ryan Parent.
1:41 of 1st period - Wrist shot by Jimmy Vesey.
1:41 of 1st period - Stopped by John Gibson without a rebound.
1:42 of 1st period - Mark Scheifele wins face-off versus Evgeni Malkin in Maple Leafs zone.
2:05 of 1st period - Michael Frolik is hit by Mark Scheifele and loses puck.
2:10 of 1st period - Slapshot by Kyle Clifford.
2:10 of 1st period - Stopped by John Gibson with a rebound.
2:34 of 1st period - Zach Werenski is hit by Nikolaj Ehlers and loses puck.
2:49 of 1st period - Snap shot by Evgeni Malkin.
2:49 of 1st period - Stopped by Alex Nedeljkovic without a rebound.
2:50 of 1st period - Conor Sheary wins face-off versus Brayden Schenn in Lightning zone.
3:42 of 1st period - Ryan Parent is hit by Sergei Shirokov and loses puck.
4:02 of 1st period - Icing by Wiley Sherman.
4:03 of 1st period - Erik Christensen wins face-off versus Brayden Schenn in Lightning zone.
5:01 of 1st period - Snap shot by Patrice Cormier.
5:01 of 1st period - Shot Blocked by Kevin Shattenkirk.
5:13 of 1st period - Hampus Lindholm is hit by Brayden Point and loses puck.
5:34 of 1st period - Wrist shot by Brayden Schenn.
5:34 of 1st period - Shot Misses the Net.
5:36 of 1st period - Snap shot by Brayden Schenn.
5:36 of 1st period - Stopped by Alex Nedeljkovic with a rebound.
5:38 of 1st period - Slapshot by Braydon Coburn.
5:38 of 1st period - Shot Blocked by Kevin Shattenkirk.
5:40 of 1st period - Slapshot by Andre Burakovsky.
5:40 of 1st period - Shot Misses the Net.
6:51 of 1st period - Mark Scheifele is hit by Andre Burakovsky and loses puck.
6:58 of 1st period - Mark Scheifele is hit by Andre Burakovsky and loses puck.
7:13 of 1st period - Brent Seabrook is hit by Claude Giroux and loses puck.
7:39 of 1st period - Brent Seabrook is hit by Pontus Aberg.
8:39 of 1st period - Wrist shot by Sergei Shirokov.
8:39 of 1st period - Stopped by John Gibson without a rebound.
8:40 of 1st period - Sergei Shirokov wins face-off versus Michael Frolik in Maple Leafs zone.
8:54 of 1st period - Zach Werenski is hit by Sergei Shirokov and loses puck.
9:50 of 1st period - Backhand shot by Brandon Sutter.
9:50 of 1st period - Shot Misses the Net.
9:52 of 1st period - Slapshot by Brent Seabrook.
9:52 of 1st period - Shot Blocked by Hampus Lindholm.
9:54 of 1st period - Backhand shot by Justin Schultz.
9:54 of 1st period - Stopped by John Gibson without a rebound.
9:55 of 1st period - Mark Scheifele wins face-off versus Brayden Schenn in Maple Leafs zone.
10:00 of 1st period - Snap shot by Kyle Clifford.
10:00 of 1st period - Stopped by John Gibson without a rebound.
10:01 of 1st period - Brayden Schenn wins face-off versus Mark Scheifele in Maple Leafs zone.
10:16 of 1st period - Wrist shot by Kyle Clifford.
10:16 of 1st period - Deflect By Mark Scheifele.
10:16 of 1st period - Shot Blocked by Ryan Parent.
10:16 of 1st period - Puck is out of play.
10:17 of 1st period - Jimmy Vesey wins face-off versus Brayden Schenn in Maple Leafs zone.
10:18 of 1st period - Snap shot by Nick Bjugstad.
10:18 of 1st period - Shot Misses the Net.
10:42 of 1st period - Shayne Gostisbehere is hit by John Klingberg and loses puck.
10:47 of 1st period - Slapshot by Hampus Lindholm.
10:47 of 1st period - Stopped by Alex Nedeljkovic with a rebound.
11:07 of 1st period - Snap shot by Patrice Cormier.
11:07 of 1st period - Shot Misses the Net.
11:13 of 1st period - Wrist shot by Patrice Cormier.
11:13 of 1st period - Shot Misses the Net.
11:27 of 1st period - Slapshot by Evgeni Malkin.
11:27 of 1st period - Goal by Evgeni Malkin - Maple Leafs : 1 - Lightning : 0.
11:28 of 1st period - Brayden Schenn wins face-off versus Mark Scheifele in neutral zone.
11:51 of 1st period - Minor Penalty to Andre Burakovsky for Tripping.
11:52 of 1st period - Mark Scheifele wins face-off versus Gabriel Landeskog in Maple Leafs zone.
12:07 of 1st period - Slapshot by Kyle Clifford.
12:07 of 1st period - Shot Blocked by Jon Merrill.
12:33 of 1st period - Slapshot by Kevin Shattenkirk.
12:33 of 1st period - Shot Misses the Net.
12:35 of 1st period - Snap shot by Kevin Shattenkirk.
12:35 of 1st period - Stopped by John Gibson without a rebound.
12:36 of 1st period - Mark Scheifele wins face-off versus Brayden Schenn in Maple Leafs zone.
13:51 of 1st period - Penalty to Andre Burakovsky is over, Andre Burakovsky is back on ice.
14:26 of 1st period - Icing by Ryan Parent.
14:27 of 1st period - Brayden Point wins face-off versus Bo Horvat in Maple Leafs zone.
14:53 of 1st period - Braydon Coburn is hit by Brent Seabrook and loses puck.
15:03 of 1st period - Icing by Kyle Clifford.
15:04 of 1st period - Mark Scheifele wins face-off versus Claude Giroux in Lightning zone.
15:11 of 1st period - Snap shot by Michael Frolik.
15:11 of 1st period - Stopped by Alex Nedeljkovic without a rebound.
15:12 of 1st period - Nikolaj Ehlers wins face-off versus Evgeni Malkin in Lightning zone.
15:21 of 1st period - Off-side.
15:22 of 1st period - Brayden Schenn wins face-off versus Mark Scheifele in neutral zone.
15:24 of 1st period - John Klingberg is hit by Nikolaj Ehlers and loses puck.
15:27 of 1st period - Snap shot by Gabriel Landeskog.
15:27 of 1st period - Shot Blocked by Kevin Shattenkirk.
15:29 of 1st period - Slapshot by John Klingberg.
15:29 of 1st period - Shot Misses the Net.
15:31 of 1st period - Slapshot by Andre Burakovsky.
15:31 of 1st period - Shot Misses the Net.
16:01 of 1st period - Snap shot by Nick Bjugstad.
16:01 of 1st period - Shot Blocked by John Klingberg.
16:29 of 1st period - Wrist shot by Evgeni Malkin.
16:29 of 1st period - Shot Misses the Net.
16:31 of 1st period - Slapshot by Claude Giroux.
16:31 of 1st period - Stopped by Alex Nedeljkovic with a rebound.
16:33 of 1st period - Wrist shot by Michael Frolik.
16:33 of 1st period - Goal by Michael Frolik - Maple Leafs : 2 - Lightning : 0.
16:34 of 1st period - Mark Scheifele wins face-off versus Brayden Schenn in neutral zone.
16:39 of 1st period - Snap shot by Mark Scheifele.
16:39 of 1st period - Stopped by John Gibson without a rebound.
16:40 of 1st period - Brayden Schenn wins face-off versus Mark Scheifele in Maple Leafs zone.
16:50 of 1st period - Gabriel Landeskog is hit by Mark Scheifele and loses puck.
17:17 of 1st period - Slapshot by Jon Merrill.
17:17 of 1st period - Deflect By Evgeni Malkin.
17:17 of 1st period - Stopped by Alex Nedeljkovic with a rebound.
18:22 of 1st period - Wrist shot by Andre Burakovsky.
18:22 of 1st period - Shot Misses the Net.
18:56 of 1st period - Wrist shot by Conor Sheary.
18:56 of 1st period - Stopped by John Gibson without a rebound.
18:57 of 1st period - Gabriel Landeskog wins face-off versus Brandon Sutter in Maple Leafs zone.
19:04 of 1st period - Snap shot by Brayden Schenn.
19:04 of 1st period - Stopped by Alex Nedeljkovic with a rebound.
19:06 of 1st period - Backhand shot by Jon Merrill.
19:06 of 1st period - Stopped by Alex Nedeljkovic with a rebound.
19:24 of 1st period - Sergei Shirokov is hit by Beau Bennett and loses puck.
19:41 of 1st period - Wrist shot by Brandon Sutter.
19:41 of 1st period - Shot Blocked by Jon Merrill.
19:51 of 1st period - Snap shot by Sergei Shirokov.
19:51 of 1st period - Shot Misses the Net.
Goals for this period are 2 for Maple Leafs vs 0 for Lightning.
Shots for this period are 10 for Maple Leafs vs 8 for Lightning.

2nd period


0:01 of 2nd period - Mark Scheifele wins face-off versus Evgeni Malkin in neutral zone.
0:29 of 2nd period - Snap shot by Jimmy Vesey.
0:29 of 2nd period - Stopped by John Gibson with a rebound.
0:33 of 2nd period - Wrist shot by Jimmy Vesey.
0:33 of 2nd period - Shot Misses the Net.
0:35 of 2nd period - Slapshot by Brayden Point.
0:35 of 2nd period - Stopped by John Gibson with a rebound.
0:37 of 2nd period - Wrist shot by Shayne Gostisbehere.
0:37 of 2nd period - Stopped by John Gibson with a rebound.
0:39 of 2nd period - Wrist shot by Brayden Point.
0:39 of 2nd period - Stopped by John Gibson without a rebound.
0:40 of 2nd period - Brayden Point wins face-off versus Patrice Cormier in Maple Leafs zone.
1:36 of 2nd period - Wrist shot by Claude Giroux.
1:36 of 2nd period - Shot Misses the Net.
2:29 of 2nd period - Off-side.
2:30 of 2nd period - Brayden Point wins face-off versus Evgeni Malkin in neutral zone.
2:55 of 2nd period - Mark Scheifele is hit by John Klingberg and loses puck.
3:00 of 2nd period - Wrist shot by Brayden Schenn.
3:00 of 2nd period - Shot Blocked by Nikolaj Ehlers.
3:02 of 2nd period - Snap shot by Ryan Parent.
3:02 of 2nd period - Deflect By Shayne Gostisbehere.
3:02 of 2nd period - Goal by Ryan Parent - Maple Leafs : 3 - Lightning : 0.
3:03 of 2nd period - Evgeni Malkin wins face-off versus Mark Scheifele in neutral zone.
3:35 of 2nd period - Snap shot by Gabriel Landeskog.
3:35 of 2nd period - Stopped by Alex Nedeljkovic with a rebound.
4:02 of 2nd period - Snap shot by Ondrej Palat.
4:02 of 2nd period - Shot Misses the Net.
4:04 of 2nd period - Wrist shot by Ondrej Palat.
4:04 of 2nd period - Shot Misses the Net.
4:14 of 2nd period - Patrice Cormier is hit by Conor Sheary and loses puck.
4:21 of 2nd period - Snap shot by Brandon Sutter.
4:21 of 2nd period - Shot Misses the Net.
4:41 of 2nd period - Wrist shot by Tim Schaller.
4:41 of 2nd period - Shot Blocked by Wiley Sherman.
4:43 of 2nd period - Snap shot by Bo Horvat.
4:43 of 2nd period - Goal by Bo Horvat - Maple Leafs : 4 - Lightning : 0.
4:43 of 2nd period - Jimmy Howard enters game.
4:44 of 2nd period - Mark Scheifele wins face-off versus Evgeni Malkin in neutral zone.
5:18 of 2nd period - Snap shot by Jimmy Vesey.
5:18 of 2nd period - Shot Blocked by Hampus Lindholm.
7:07 of 2nd period - Wrist shot by Zach Werenski.
7:07 of 2nd period - Stopped by Jimmy Howard without a rebound.
7:08 of 2nd period - Evgeni Malkin wins face-off versus Mark Scheifele in Lightning zone.
8:24 of 2nd period - Wrist shot by Nick Bjugstad.
8:24 of 2nd period - Stopped by John Gibson without a rebound.
8:25 of 2nd period - Bo Horvat wins face-off versus Mark Scheifele in Maple Leafs zone.
8:51 of 2nd period - Minor Penalty to Brandon Saad for Roughing.
8:52 of 2nd period - Brayden Schenn wins face-off versus Mark Scheifele in Maple Leafs zone.
9:09 of 2nd period - Wrist shot by Mark Scheifele.
9:09 of 2nd period - Shot Misses the Net.
9:25 of 2nd period - Slapshot by Shayne Gostisbehere.
9:25 of 2nd period - Goal by Shayne Gostisbehere - Maple Leafs : 4 - Lightning : 1.
9:26 of 2nd period - Evgeni Malkin wins face-off versus Mark Scheifele in neutral zone.
10:02 of 2nd period - Backhand shot by Brayden Schenn.
10:02 of 2nd period - Shot Misses the Net.
10:04 of 2nd period - Snap shot by Andre Burakovsky.
10:04 of 2nd period - Deflect By Brayden Schenn.
10:04 of 2nd period - Shot Blocked by Kevin Shattenkirk.
10:04 of 2nd period - Puck is out of play.
10:05 of 2nd period - Mark Scheifele wins face-off versus Evgeni Malkin in Lightning zone.
10:05 of 2nd period - Mark Scheifele is hit by Hampus Lindholm.
10:32 of 2nd period - Gabriel Landeskog is hit by Justin Schultz.
10:36 of 2nd period - Snap shot by Nick Bjugstad.
10:36 of 2nd period - Stopped by John Gibson with a rebound.
10:38 of 2nd period - Wrist shot by Nick Bjugstad.
10:38 of 2nd period - Stopped by John Gibson with a rebound.
10:40 of 2nd period - Slapshot by Wiley Sherman.
10:40 of 2nd period - Stopped by John Gibson without a rebound.
10:41 of 2nd period - Brayden Point wins face-off versus Evgeni Malkin in Maple Leafs zone.
10:42 of 2nd period - Wrist shot by Nick Bjugstad.
10:42 of 2nd period - Shot Blocked by Claude Giroux.
10:44 of 2nd period - Slapshot by Cody Goloubef.
10:44 of 2nd period - Stopped by John Gibson with a rebound.
10:46 of 2nd period - Slapshot by Nick Bjugstad.
10:46 of 2nd period - Stopped by John Gibson with a rebound.
10:48 of 2nd period - Wrist shot by Jimmy Vesey.
10:48 of 2nd period - Stopped by John Gibson with a rebound.
10:50 of 2nd period - Slapshot by Cody Goloubef.
10:50 of 2nd period - Stopped by John Gibson with a rebound.
10:52 of 2nd period - Slapshot by Wiley Sherman.
10:52 of 2nd period - Shot Misses the Net.
10:57 of 2nd period - Minor Penalty to Nick Bjugstad for Holding.
10:58 of 2nd period - Mark Scheifele wins face-off versus Evgeni Malkin in Lightning zone.
11:25 of 2nd period - Kyle Clifford is hit by Hampus Lindholm and loses puck.
12:57 of 2nd period - Penalty to Nick Bjugstad is over, Nick Bjugstad is back on ice.
13:13 of 2nd period - Slapshot by Jimmy Vesey.
13:13 of 2nd period - Stopped by John Gibson without a rebound.
13:14 of 2nd period - Bo Horvat wins face-off versus Brayden Point in Maple Leafs zone.
13:14 of 2nd period - Bo Horvat is hit by Jimmy Vesey.
13:20 of 2nd period - Slapshot by Ryan Parent.
13:20 of 2nd period - Goal by Ryan Parent - Maple Leafs : 5 - Lightning : 1.
13:21 of 2nd period - Mark Scheifele wins face-off versus Michael Frolik in neutral zone.
13:23 of 2nd period - Minor Penalty to Mark Scheifele for Hooking.
13:24 of 2nd period - Conor Sheary wins face-off versus Evgeni Malkin in Lightning zone.
13:24 of 2nd period - Conor Sheary is hit by Michael Frolik.
13:29 of 2nd period - Michael Frolik is hit by Kyle Clifford and loses puck.
15:23 of 2nd period - Penalty to Mark Scheifele is over, Mark Scheifele is back on ice.
15:28 of 2nd period - Mark Scheifele is hit by Bo Horvat and loses puck.
16:20 of 2nd period - Beau Bennett is hit by Nick Bjugstad and loses puck.
16:44 of 2nd period - Conor Sheary is hit by Braydon Coburn and loses puck.
17:03 of 2nd period - Evgeni Malkin is hit by Nick Bjugstad and loses puck.
17:34 of 2nd period - Slapshot by Ondrej Palat.
17:34 of 2nd period - Stopped by John Gibson with a rebound.
17:58 of 2nd period - Kevin Shattenkirk is hit by Michael Frolik and loses puck.
18:11 of 2nd period - Kyle Clifford is hit by Gabriel Landeskog and loses puck.
18:20 of 2nd period - Icing by John Klingberg.
18:21 of 2nd period - Brayden Point wins face-off versus Brayden Schenn in Maple Leafs zone.
18:38 of 2nd period - Claude Giroux is hit by Kyle Clifford and loses puck.
19:04 of 2nd period - Wrist shot by Tim Schaller.
19:04 of 2nd period - Shot Misses the Net.
19:06 of 2nd period - Slapshot by Beau Bennett.
19:06 of 2nd period - Stopped by Jimmy Howard with a rebound.
19:08 of 2nd period - Snap shot by Jon Merrill.
19:08 of 2nd period - Stopped by Jimmy Howard without a rebound.
19:09 of 2nd period - Brayden Schenn wins face-off versus Brayden Point in Lightning zone.
19:20 of 2nd period - Snap shot by Andre Burakovsky.
19:20 of 2nd period - Stopped by Jimmy Howard without a rebound.
19:21 of 2nd period - Evgeni Malkin wins face-off versus Mark Scheifele in Lightning zone.
19:24 of 2nd period - Backhand shot by Michael Frolik.
19:24 of 2nd period - Shot Misses the Net.
19:26 of 2nd period - Slapshot by Claude Giroux.
19:26 of 2nd period - Stopped by Jimmy Howard with a rebound.
19:28 of 2nd period - Slapshot by John Klingberg.
19:28 of 2nd period - Shot Misses the Net.
19:30 of 2nd period - Slapshot by Evgeni Malkin.
19:30 of 2nd period - Stopped by Jimmy Howard with a rebound.
Goals for this period are 3 for Maple Leafs vs 1 for Lightning.
Shots for this period are 10 for Maple Leafs vs 15 for Lightning.

3rd period


0:01 of 3rd period - Mark Scheifele wins face-off versus Evgeni Malkin in neutral zone.
0:58 of 3rd period - Jon Merrill is hit by Sergei Shirokov.
0:59 of 3rd period - Icing by Jon Merrill.
1:00 of 3rd period - Bo Horvat wins face-off versus Mark Scheifele in Maple Leafs zone.
1:00 of 3rd period - Bo Horvat is hit by Kyle Clifford.
1:01 of 3rd period - Bo Horvat from Maple Leafs is injured at 1:01 of 3rd period (Back Spasms).
1:02 of 3rd period - Mark Scheifele wins face-off versus Evgeni Malkin in Maple Leafs zone.
1:29 of 3rd period - John Klingberg is hit by Brayden Point and loses puck.
1:42 of 3rd period - Wrist shot by Jimmy Vesey.
1:42 of 3rd period - Stopped by John Gibson without a rebound.
1:43 of 3rd period - Evgeni Malkin wins face-off versus Brandon Sutter in Maple Leafs zone.
1:48 of 3rd period - Snap shot by Conor Sheary.
1:48 of 3rd period - Shot Misses the Net.
1:58 of 3rd period - Snap shot by Claude Giroux.
1:58 of 3rd period - Deflect By Michael Frolik.
1:58 of 3rd period - Stopped by Jimmy Howard without a rebound.
1:59 of 3rd period - Brayden Schenn wins face-off versus Mark Scheifele in Lightning zone.
2:03 of 3rd period - Minor Penalty to Nikolaj Ehlers for Hooking.
2:04 of 3rd period - Mark Scheifele wins face-off versus Evgeni Malkin in Lightning zone.
3:41 of 3rd period - Icing by Zach Werenski.
3:42 of 3rd period - Conor Sheary wins face-off versus Brayden Schenn in Maple Leafs zone.
3:53 of 3rd period - Kevin Shattenkirk is hit by Claude Giroux and loses puck.
4:03 of 3rd period - Penalty to Nikolaj Ehlers is over, Nikolaj Ehlers is back on ice.
4:18 of 3rd period - Wrist shot by Jimmy Vesey.
4:18 of 3rd period - Deflect By Brayden Point.
4:18 of 3rd period - Shot Misses the Net.
4:18 of 3rd period - Puck is out of play.
4:19 of 3rd period - Brayden Point wins face-off versus Gabriel Landeskog in Maple Leafs zone.
5:05 of 3rd period - John Klingberg is hit by Mark Scheifele and loses puck.
5:14 of 3rd period - Wrist shot by Mark Scheifele.
5:14 of 3rd period - Shot Blocked by John Klingberg.
5:37 of 3rd period - Snap shot by Claude Giroux.
5:37 of 3rd period - Shot Misses the Net.
5:39 of 3rd period - Wrist shot by Claude Giroux.
5:39 of 3rd period - Shot Misses the Net.
5:41 of 3rd period - Slapshot by Evgeni Malkin.
5:41 of 3rd period - Stopped by Jimmy Howard without a rebound.
5:42 of 3rd period - Mark Scheifele wins face-off versus Brayden Schenn in Lightning zone.
6:09 of 3rd period - Brayden Point is hit by Beau Bennett and loses puck.
6:22 of 3rd period - Pontus Aberg is hit by Brandon Sutter and loses puck.
7:29 of 3rd period - Icing by Conor Sheary.
7:30 of 3rd period - Patrice Cormier wins face-off versus Brandon Sutter in Lightning zone.
7:37 of 3rd period - Wrist shot by Pontus Aberg.
7:37 of 3rd period - Shot Misses the Net.
7:39 of 3rd period - Wrist shot by Pontus Aberg.
7:39 of 3rd period - Stopped by Jimmy Howard with a rebound.
8:38 of 3rd period - Ryan Parent is hit by Wiley Sherman and loses puck.
8:45 of 3rd period - Slapshot by Jesper Fast.
8:45 of 3rd period - Stopped by John Gibson with a rebound.
8:51 of 3rd period - Wrist shot by Erik Christensen.
8:51 of 3rd period - Shot Misses the Net.
9:11 of 3rd period - Slapshot by Pontus Aberg.
9:11 of 3rd period - Shot Misses the Net.
10:01 of 3rd period - Evgeni Malkin is hit by Jesper Fast and loses puck.
10:48 of 3rd period - Snap shot by Mark Scheifele.
10:48 of 3rd period - Shot Misses the Net.
10:56 of 3rd period - Justin Schultz is hit by Gabriel Landeskog and loses puck.
11:09 of 3rd period - Wrist shot by Beau Bennett.
11:09 of 3rd period - Shot Misses the Net.
11:11 of 3rd period - Snap shot by Gabriel Landeskog.
11:11 of 3rd period - Stopped by Jimmy Howard without a rebound.
11:12 of 3rd period - Brayden Point wins face-off versus Evgeni Malkin in Lightning zone.
11:22 of 3rd period - Icing by Claude Giroux.
11:23 of 3rd period - Evgeni Malkin wins face-off versus Brayden Point in Maple Leafs zone.
11:36 of 3rd period - Wrist shot by Claude Giroux.
11:36 of 3rd period - Shot Blocked by Brayden Point.
11:38 of 3rd period - Snap shot by Evgeni Malkin.
11:38 of 3rd period - Shot Blocked by Shayne Gostisbehere.
11:40 of 3rd period - Snap shot by Zach Werenski.
11:40 of 3rd period - Deflect By Evgeni Malkin.
11:40 of 3rd period - Shot Misses the Net.
11:40 of 3rd period - Puck is out of play.
11:41 of 3rd period - Mark Scheifele wins face-off versus Brayden Schenn in Lightning zone.
11:58 of 3rd period - Snap shot by Andre Burakovsky.
11:58 of 3rd period - Shot Misses the Net.
12:24 of 3rd period - Snap shot by Kyle Clifford.
12:24 of 3rd period - Stopped by John Gibson without a rebound.
12:25 of 3rd period - Brayden Point wins face-off versus Brayden Schenn in Maple Leafs zone.
12:26 of 3rd period - Slapshot by Kevin Shattenkirk.
12:26 of 3rd period - Stopped by John Gibson without a rebound.
12:27 of 3rd period - Brayden Schenn wins face-off versus Brayden Point in Maple Leafs zone.
12:27 of 3rd period - Brayden Schenn is hit by Jimmy Vesey.
12:52 of 3rd period - Ryan Parent is hit by Shayne Gostisbehere and loses puck.
13:01 of 3rd period - Snap shot by Claude Giroux.
13:01 of 3rd period - Stopped by Jimmy Howard with a rebound.
13:06 of 3rd period - Minor Penalty to Zach Werenski for Roughing.
13:07 of 3rd period - Mark Scheifele wins face-off versus Brayden Schenn in Maple Leafs zone.
13:13 of 3rd period - Wrist shot by Kyle Clifford.
13:13 of 3rd period - Stopped by John Gibson with a rebound.
13:15 of 3rd period - Wrist shot by Nikolaj Ehlers.
13:15 of 3rd period - Stopped by John Gibson without a rebound.
13:16 of 3rd period - Kyle Clifford wins face-off versus Brayden Schenn in Maple Leafs zone.
13:19 of 3rd period - Wrist shot by Mark Scheifele.
13:19 of 3rd period - Stopped by John Gibson with a rebound.
13:21 of 3rd period - Slapshot by Shayne Gostisbehere.
13:21 of 3rd period - Deflect By Kyle Clifford.
13:21 of 3rd period - Goal by Kyle Clifford - Maple Leafs : 5 - Lightning : 2.
13:22 of 3rd period - Mark Scheifele wins face-off versus Evgeni Malkin in neutral zone.
13:25 of 3rd period - Claude Giroux is hit by Shayne Gostisbehere and loses puck.
13:36 of 3rd period - Wrist shot by Michael Frolik.
13:36 of 3rd period - Shot Misses the Net.
13:54 of 3rd period - Backhand shot by Jimmy Vesey.
13:54 of 3rd period - Shot Misses the Net.
14:02 of 3rd period - Brayden Point is hit by Brayden Schenn.
14:20 of 3rd period - Snap shot by Zach Werenski.
14:20 of 3rd period - Stopped by Jimmy Howard with a rebound.
14:34 of 3rd period - Snap shot by Patrice Cormier.
14:34 of 3rd period - Shot Misses the Net.
14:36 of 3rd period - Wrist shot by Brandon Saad.
14:36 of 3rd period - Shot Misses the Net.
14:38 of 3rd period - Slapshot by Patrice Cormier.
14:38 of 3rd period - Goal by Patrice Cormier - Maple Leafs : 6 - Lightning : 2.
14:39 of 3rd period - Mark Scheifele wins face-off versus Evgeni Malkin in neutral zone.
15:02 of 3rd period - Minor Penalty to Kyle Clifford for Hooking.
15:03 of 3rd period - Mark Scheifele wins face-off versus Evgeni Malkin in Lightning zone.
15:03 of 3rd period - Mark Scheifele is hit by Hampus Lindholm.
15:43 of 3rd period - Snap shot by Claude Giroux.
15:43 of 3rd period - Stopped by Jimmy Howard with a rebound.
15:45 of 3rd period - Snap shot by Zach Werenski.
15:45 of 3rd period - Stopped by Jimmy Howard with a rebound.
15:47 of 3rd period - Snap shot by Zach Werenski.
15:47 of 3rd period - Shot Misses the Net.
15:49 of 3rd period - Snap shot by Evgeni Malkin.
15:49 of 3rd period - Stopped by Jimmy Howard without a rebound.
15:50 of 3rd period - Mark Scheifele wins face-off versus Brayden Schenn in Lightning zone.
17:02 of 3rd period - Penalty to Kyle Clifford is over, Kyle Clifford is back on ice.
17:06 of 3rd period - Off-side.
17:07 of 3rd period - Patrice Cormier wins face-off versus Erik Christensen in neutral zone.
17:11 of 3rd period - Off-side.
17:12 of 3rd period - Erik Christensen wins face-off versus Gabriel Landeskog in neutral zone.
17:18 of 3rd period - Minor Penalty to Tim Schaller for Holding.
17:19 of 3rd period - Mark Scheifele wins face-off versus Brayden Schenn in Maple Leafs zone.
19:18 of 3rd period - Penalty to Tim Schaller is over, Tim Schaller is back on ice.
19:24 of 3rd period - Gabriel Landeskog is hit by Conor Sheary and loses puck.
19:47 of 3rd period - Sergei Shirokov is hit by Beau Bennett and loses puck.
19:59 of 3rd period - Minor Penalty to Brandon Saad for Holding Stick.
Goals for this period are 1 for Maple Leafs vs 1 for Lightning.
Shots for this period are 10 for Maple Leafs vs 8 for Lightning.